 Dungeon Crawl Stone Soup version 0.26-a0-651-gb41185065b (webtiles) character file.

Game seed: 10038558983712147230

285 Irenicus the Geomancer (level 6, 10/49 HPs)
             Began as a Deep Dwarf Earth Elementalist on Oct 18, 2020.
             Quit the game on level 3 of the Dungeon.
             The game lasted 00:08:41 (1287 turns).

Irenicus the Geomancer (DDEE)                       Turns: 1287, Time: 00:08:42

Health: 10/49      AC:  5    Str: 12    XL:     6   Next: 7%
Magic:  2/8        EV: 11    Int: 17    God:
Gold:   165        SH:  0    Dex: 13    Spells: 5/8 levels left

rFire    . . .     SeeInvis .   e - +0 short sword (venom)
rCold    . . .     Faith    +   (no shield)
rNeg     . . .     Spirit   .   k - +0 ring mail
rPois    .         Reflect  .   (no helmet)
rElec    .         Harm     .   (no cloak)
rCorr    .         Rampage  .   (no gloves)
MR       .....                  (no boots)
Stlth    +.........             c - amulet of faith {Faith, !P}
HPRegen  0.00/turn              (no ring)
MPRegen  0.11/turn              (no ring)

@: non-regenerating, hasted, very quick
A: damage resistance, heal wounds, sense surroundings 1, no regeneration
a: Heal Wounds


You were on level 3 of the Dungeon.
You visited 1 branch of the dungeon, and saw 4 of its levels.

You collected 165 gold pieces.

Inventory:

Hand Weapons
 e - a +0 short sword of venom (weapon)
   (You took it off a kobold on level 1 of the Dungeon)
Armour
 k - a +0 ring mail (worn)
   (You found it on level 1 of the Dungeon)
Jewellery
 c - an amulet of faith (around neck) {Faith, !P}
   (You found it on level 1 of the Dungeon)
Scrolls
 a - a scroll of magic mapping {unknown}
 d - a scroll of remove curse {unknown}
 h - a scroll of amnesia
 l - 3 scrolls of identify
 m - a scroll of blinking {unknown}
 o - a scroll of enchant armour {unknown}
 q - a scroll of teleportation {unknown}
Potions
 f - 3 potions of curing
 g - a potion of haste
 i - a potion of flight
 n - a potion of resistance {unknown}
 p - 2 potions of ambrosia
 r - a potion of degeneration {unknown}


   Skills:
 - Level 2.0 Short Blades
 - Level 2.1 Dodging
 - Level 2.4 Stealth
 - Level 1.7 Spellcasting
 - Level 0.8 Transmutations
 + Level 8.4 Earth Magic


You had 5 spell levels left.
You knew the following spells:

 Your Spells              Type           Power        Failure   Level
a - Sandblast             Erth           ####..       1%          1
w - Passwall              Tmut/Erth      ###.....     10%         2

Your spell library contained the following spells:

 Spells                   Type           Power        Failure   Level
 Stone Arrow              Conj/Erth      ###...       24%         3
 Lee's Rapid Deconstruct  Erth           ####......   36%         5
 Petrify                  Tmut/Erth      ###.....     54%         4


Dungeon Overview and Level Annotations

Branches:
Dungeon (4/15)
 Temple: D:4-7

Altars:
Xom

Annotations:
D:4 Sigmund


Innate Abilities, Weirdness & Mutations

You are resistant to damage.
You can heal yourself by infusing magical energy.
You passively map a small area around you.
You do not regenerate.


Message History

The orc wizard blinks!
Sigmund closely misses you.
The iguana bites you but does no damage.
You regained 4 hp, and now have 19/42 hp.
You closely miss the iguana.
The iguana is heavily wounded.
The iguana looks more healthy.
The iguana bites you.
You regained 3 hp, and now have 22/42 hp.
You regained 5 hp, and now have 27/42 hp.
An ogre comes into view. It is wielding a +0 giant club.
You feel less invigorated.
You feel less confused.
The ogre shouts!
The iguana closely misses you.
You regained 5 hp, and now have 32/42 hp.
Casting: Sandblast (safe; 1% risk of failure)
Confirm with . or Enter, or press ? or * to list all spells.
Aiming: Sandblast (safe; 1% risk of failure)
Press: ? - help, Shift-Dir - straight line, f/p - iguana
Aim: an iguana (severely wounded)
The blast of sand hits the iguana!
You kill the iguana!
Your Earth Magic skill increases to level 8!
b - 5 stones Sigmund hits you from afar with a +0 scythe!
You take 6 damage, and have 26/42 hp.
You now have 6/7 mp.
Casting: Sandblast (safe; 1% risk of failure)
Confirm with . or Enter, or press ? or * to list all spells.
Aiming: Sandblast (safe; 1% risk of failure)
Press: ? - help, Shift-Dir - straight line, f - orc
Aim: an orc, wielding a +0 trident and wearing a +0 leather armour The blast of sand hits the orc!
You kill the orc!
b - 4 stones Sigmund barely misses you.
You now have 5/7 mp.
Casting: Sandblast (safe; 1% risk of failure)
Confirm with . or Enter, or press ? or * to list all spells.
Aiming: Sandblast (safe; 1% risk of failure)
Press: ? - help, Shift-Dir - straight line, f - Sigmund
Aim: Sigmund, wielding a +0 scythe and wearing a +0 robe (moderately wounded)
The blast of sand hits Sigmund!
Sigmund is heavily wounded.
b - 3 stones You now have 4/7 mp.
Casting: Sandblast (safe; 1% risk of failure)
Confirm with . or Enter, or press ? or * to list all spells.
Aiming: Sandblast (safe; 1% risk of failure)
Press: ? - help, Shift-Dir - straight line, f/p - Sigmund
Aim: Sigmund, wielding a +0 scythe and wearing a +0 robe (heavily wounded)
The blast of sand hits the orc wizard!
The orc wizard is severely wounded.
b - 2 stones The orc wizard barely misses you.
Sigmund mumbles some strange words.
Sigmund flickers and vanishes!
A giant cockroach comes into view.
You now have 3/7 mp.
Casting: Sandblast (safe; 1% risk of failure)
Confirm with . or Enter, or press ? or * to list all spells.
Aiming: Sandblast (safe; 1% risk of failure)
Press: ? - help, Shift-Dir - straight line, f - orc wizard
Aim: an orc wizard, wielding a +0 dagger and wearing a cursed +0 robe (severely wounded, fast)
The blast of sand hits the orc wizard!!
You kill the orc wizard!
You have reached level 6!
Your experience leads to an increase in your attributes!
Increase (s)trength, (i)ntelligence, or (d)exterity?
You feel clever.
b - a stone You hear some strange, mumbled words.
A puff of flame appears from out of thin air!
The puff of flame hits you!
You take 1 damage, and have 25/49 hp.
You now have 2/8 mp.
Casting: Sandblast (safe; 1% risk of failure)
Confirm with . or Enter, or press ? or * to list all spells.
Aiming: Sandblast (safe; 1% risk of failure)
Press: ? - help, Shift-Dir - straight line, f - ogre
Aim: an ogre, wielding a +0 giant club The blast of sand hits the ogre!
The ogre is heavily wounded.
You now have no stones remaining.
You now have 1/8 mp.
Casting: Sandblast (safe; 1% risk of failure)
Confirm with . or Enter, or press ? or * to list all spells.
Aiming: Sandblast (safe; 1% risk of failure)
Press: ? - help, Shift-Dir - straight line, f/p - ogre
Aim: an ogre, wielding a +0 giant club (heavily wounded)
You don't have any stones to cast with.
You aren't carrying any items that you can evoke.
It was a potion of haste.
You feel yourself speed up. The ogre hits you with a +0 giant club!
* * * LOW HITPOINT WARNING * * *
Something hits you but does no damage.
You take 15 damage, and have 10/49 hp.
MASSIVE DAMAGE!!
There is a stone staircase leading up here.
You climb upwards.
There is a stone staircase leading down here.
Search for what [? for help]?
Okay, then.
Are you sure you want to abandon this character and quit the game? (Confirm with "yes".)

........#....#
........รท....#
###..........#
###.......##.#
.............#
.##.....#....#
........#....#
.#......#....#####
..........l.....@##
.###.####.........#
.# #.# #...####..#
.# #.# #.#.## #..#
.....# #.#?.# #..#
.###.####.#..###..#
.###..............#
.............###.##
.##,
.###.##.###.########


You could see a frilled lizard (wandering).

Vanquished Creatures
  A hound (D:3)
  3 orc wizards
  An iguana (D:4)
  Natasha (twice) (D:2)
  2 adders (D:3)
  3 worms
  3 dart slugs
  A leopard gecko (D:2)
  6 orcs
  4 giant cockroaches
  9 goblins
  6 hobgoblins
  8 jackals (D:2)
  7 kobolds
  A ball python (D:1)
  11 bats
  8 frilled lizards
  5 rats
81 creatures vanquished.

Notes
Turn   | Place    | Note
-------+----------+-------------------------------------------
     0 | D:1      | Irenicus the Deep Dwarf Earth Elementalist began the quest
                  | for the Orb.
     0 | D:1      | Reached XP level 1. HP: 15/15 MP: 3/3
   152 | D:1      | Reached XP level 2. HP: 22/22 MP: 1/4
   163 | D:1      | Reached skill level 5 in Earth Magic
   209 | D:1      | Found a shimmering altar of Xom.
   211 | D:1      | Found a hazy altar of Hepliaklqana.
   211 | D:1      | Found a hide-covered altar of Uskayaw.
   214 | D:1      | Found a glowing silver altar of Zin.
   214 | D:1      | Found a radiant altar of Vehumet.
   214 | D:1      | Found a bloodstained altar of Trog.
   305 | D:1      | Reached skill level 1 in Short Blades
   370 | D:1      | Learned a level 2 spell: Passwall
   381 | D:1      | Reached XP level 3. HP: 26/28 MP: 2/5
   462 | D:2      | Reached skill level 2 in Short Blades
   565 | D:2      | Noticed Natasha
   571 | D:2      | Killed Natasha
   571 | D:2      | Reached XP level 4. HP: 30/36 MP: 2/6
   631 | D:2      | Noticed Natasha
   635 | D:2      | Killed Natasha
   635 | D:2      | Reached skill level 6 in Earth Magic
   791 | D:3      | Reached skill level 7 in Earth Magic
   791 | D:3      | Reached XP level 5. HP: 34/42 MP: 1/7
  1254 | D:4      | Noticed Sigmund
  1263 | D:4      | HP: 7/42 [iguana (8)]
  1268 | D:4      | HP: 10/42 [iguana (7)]
  1273 | D:4      | Noticed an ogre
  1274 | D:4      | Reached skill level 8 in Earth Magic
  1278 | D:4      | Reached XP level 6. HP: 30/49 MP: 2/8
  1282 | D:4      | HP: 10/49 [ogre/+0 giant club (15)]
  1287 | D:3      | Quit the game

Illustrated notes

Levels and vault maps discovered:
D:1:      noname_arrival_rooms_in_the_neighbourhood, layout_rooms,
          doesnt_xom_only_xom
D:2:      layout_rooms, uniq_natasha
D:3:      layout_basic, corexii_leaking_fountain
D:4:      layout_cave_pools, kennysheep_small_square, uniq_sigmund

Skill      XL: |  1  2  3  4  5 |
---------------+----------------+-----
Earth Magic    | 5 7 8 |  8.4
Short Blades   | 1 2 |  2.0
Dodging        | |  2.1
Stealth        | |  2.4
Spellcasting   | |  1.7
Transmutations | |  0.8

Action                   |  1- 3 |  4- 6 || total
-------------------------+-------+-------++-------
Melee: Unarmed           |     2 |       ||     2
       Short sword       |    79 |    18 ||    97
 Cast: Sandblast         |    25 |    48 ||    73
       Passwall          |     1 |       ||     1
  Use: Scroll            |       |     4 ||     4
       Potion            |       |     4 ||     4
 Stab: Sleeping          |     2 |       ||     2
Armor: Robe              |    13 |       ||    13
       Ring mail         |    32 |    19 ||    51
Dodge: Dodged            |    66 |    39 ||   105

Table legend: (Time is in decaauts)
 A = Elapsed time spent in this place.
 B = Non-inter-level travel time spent in this place.
 C = Inter-level travel time spent in this place.
 D = Time resting spent in this place.
 E = Time spent auto-exploring this place.
 F = Levels seen in this place.
 G = Mean time per level.
                   A        B        C        D        E       F      G
               +--------+--------+--------+--------+--------+-----+--------+
         Total |   1288 |   1270 |     18 |      0 |      0 |   4 |  322.0 |
       Dungeon |   1288 |   1270 |     18 |      0 |      0 |   4 |  322.0 |
               +--------+--------+--------+--------+--------+-----+--------+

Top non-repeatable levels by time:
     D:3: 513 daAuts
     D:1: 413 daAuts
     D:2: 329 daAuts
     D:4: 32 daAuts

Table legend:
 A = Kills in this place as a percentage of kills in entire the game.
 B = Kills by you in this place as a percentage of kills by you in the entire game.
 C = Kills by friends in this place as a percentage of kills by friends in the entire game.
 D = Other kills in this place as a percentage of other kills in the entire game.
 E = Experience gained in this place as a percentage of experience gained in the entire game.
 F = Experience gained in this place divided by the number of levels of this place that you have seen.
                   A       B       C       D       E      F
               +-------+-------+-------+-------+-------+----------------------
         Total | 100.0 | 100.0 |   N/A |   N/A | 100.0 | 102.0
       Dungeon | 100.0 | 100.0 |   N/A |   N/A | 100.0 | 102.0
               +-------+-------+-------+-------+-------+----------------------
